 Dungeon Crawl Stone Soup version 0.31-a0-152-g6aa68a64a1 (webtiles) character file.

Game seed: 230023784121284496

270 Gargoyl the Trooper (level 6, -1/39 HPs)
             Began as a Gargoyle Berserker on June 11, 2023.
             Was a Believer of Trog.
             Slain by Eustachio
             ... wielding a +0 falchion
              (3 damage)
             ... on level 4 of the Dungeon.
             The game lasted 00:03:45 (2253 turns).

Gargoyl the Trooper (Gargoyle Berserker)            Turns: 2253, Time: 00:03:46

Health: -1/39      AC:  9    Str: 20    XL:     6   Next: 22%
Magic:  0/6        EV:  8    Int:  8    God:    Trog [**....]
Gold:   185        SH:  0    Dex: 11    Spells: 5/5 levels left

rFire   . . .        a - +1 hand axe
rCold   . . .        (no shield)
rNeg    + . .        h - +0 chain mail
rPois   ∞            (no helmet)
rElec   +            (no cloak)
rCorr   +            (no gloves)
SInv    +            (no boots)
Will    .....        i - amulet of guardian spirit Stlth
                     b - ring of resist corrosion
HPRegen 0.26/turn    j - ring of see invisible
MPRegen 0.10/turn

%: guardian spirit
@: on berserk cooldown, slowed, very slow
A: sickness immunity, AC +4, negative energy resistance 1, electricity
resistance, torment resistance 1, petrification resistance, camouflage 1,
deformed body
a: Renounce Religion, Berserk, Trog's Hand


You were on level 4 of the Dungeon.
You worshipped Trog.
Trog was pleased with you.
You visited 1 branch of the dungeon, and saw 4 of its levels.

You collected 185 gold pieces.

Inventory:

Hand Weapons
 a - a +1 hand axe (weapon)
 l - a +3 whip
Armour
 h - a +0 chain mail (worn)
Jewellery
 b - a ring of resist corrosion (left hand)
 i - an amulet of guardian spirit (around neck)
 j - a ring of see invisible (right hand)
Scrolls
 d - a scroll of identify
 e - a scroll of poison {unknown}
Potions
 c - a potion of mutation
 g - 2 potions of degeneration {unknown}
 k - 2 potions of attraction {unknown}


   Skills:
 + Level 4.5 Fighting
 + Level 4.5 Axes
 + Level 3.6 Armour
 + Level 2.1 Dodging
 + Level 1.0 Stealth


You had 5 spell levels left.
You didn't know any spells.
Your spell library was empty.

Dungeon Overview and Level Annotations

Branches:
Dungeon (4/15)
 Temple: D:4-7

Altars:
Yredelemnul
The Shining One

Shops:
D:2 :

Annotations:
D:4 Eustachio


Innate Abilities, Weirdness & Mutations

You are immune to sickness and miasma.
Your stone body is resilient. (AC +4)
You are immune to poison.
You resist negative energy. (rN+)
You are resistant to electric shocks. (rElec)
You are resistant to unholy torment.
You are immune to petrification.
Your skin changes colour to match your surroundings (Stealth+).
Armour fits poorly on your strangely shaped body.


Message History

The quokka bites you. The iguana bites you!
Eustachio mumbles some strange words.
The hobgoblin hits you but does no damage.
The quokka bites you but does no damage.
You barely miss Eustachio.
Eustachio is severely wounded.
You closely miss the iguana. You closely miss the hobgoblin.
You completely miss the quokka.
The iguana bites you but does no damage.
The hobgoblin closely misses you. Eustachio closely misses you.
The quokka bites you but does no damage.
Eustachio casts a spell.
The iguana completely misses you.
The hobgoblin hits you but does no damage.
You completely miss Eustachio.
Eustachio is severely wounded.
You hit the hobgoblin but do no damage. You closely miss the quokka.
You hit the iron imp but do no damage. You hit the iguana but do no damage.
Your skin stops crawling.
You feel less strong-willed.
The quokka bites you but does no damage. x3
The iguana bites you. The hobgoblin closely misses you.
Eustachio zaps a wand.
The puff of flame misses you.
The puff of flame misses the hobgoblin.
The ufetubus completely misses you.
The ufetubus hits you but does no damage.
The iron imp barely misses you.
It was a potion of mutation.
You feel extremely strange.
Your body twists and deforms.
Your skin functions as natural camouflage.
The ufetubus barely misses you. x2
The quokka bites you but does no damage. x2
The iguana closely misses you. The hobgoblin barely misses you.
Eustachio zaps a wand.
The puff of flame hits you.
* * * LOW HITPOINT WARNING * * *
The ufetubus hits you but does no damage.
The ufetubus barely misses you. The quokka barely misses you.
The quokka closely misses you. The iron imp hits you!
* * * LOW HITPOINT WARNING * * *
The hobgoblin hits you but does no damage.
The iguana barely misses you. Eustachio hits you with a +0 falchion.
You die...

#.#.#.#...##........##..
..........###.#####....
..........# #.####..#
..........###.##...##
..........#.........#
.#.....#..#.#######.#
##.#####....#.$...#.#
#.# ......#$.r5l#.# #..
......#$.@@g'.## ..#
......#..55r#..## ..#
###...#..(..#...#
###.#######....<.
#..[.........##
#.............#
#.............#
................
.#..........####


You could see Eustachio, an iguana, 2 iron imps, an ufetubus (summoned), 2
quokkas and a hobgoblin.

Vanquished Creatures
  Blork the orc (D:4)
  A hound (D:4)
  A sleepcap (D:4)
  An orc wizard (D:3)
  4 gnolls (D:2)
  2 adders (D:3)
  A dart slug (D:1)
  2 orcs (D:3)
  9 ball pythons
  6 bats
  4 endoplasms
  3 giant cockroaches
  8 goblins
  4 hobgoblins
  4 jackals
  A quokka (D:3)
  3 frilled lizards
  2 kobolds
  8 rats
65 creatures vanquished.

Notes
Turn   | Place    | Note
-------+----------+-------------------------------------------
     0 | D:1      | Gargoyl the Gargoyle Berserker began the quest for the Orb.
     0 | D:1      | Reached XP level 1. HP: 14/14 MP: 1/1
    59 | D:1      | Reached XP level 2. HP: 18/19 MP: 2/2
   723 | D:2      | Reached XP level 3. HP: 14/24 MP: 3/3
   883 | D:2      | Reached XP level 4. HP: 29/29 MP: 4/4
   962 | D:2      | Found Ribyqob's Book Shoppe.
  1269 | D:2      | Reached ** piety under Trog
  1378 | D:3      | Found a basalt altar of Yredelemnul.
  1457 | D:3      | Reached XP level 5. HP: 33/33 MP: 5/5
  2036 | D:4      | Noticed Blork the orc
  2045 | D:4      | Killed Blork the orc
  2046 | D:4      | Reached skill level 1 in Stealth
  2074 | D:4      | Reached XP level 6. HP: 39/39 MP: 4/6
  2208 | D:4      | Found a glowing golden altar of the Shining One.
  2221 | D:4      | Noticed Eustachio
  2253 | D:4      | Gained mutation: Armour fits poorly on your strangely
                  | shaped body. [potion of mutation]
  2253 | D:4      | Gained mutation: Your skin changes colour to match your
                  | surroundings (Stealth+). [potion of mutation]
  2253 | D:4      | Slain by Eustachio

Illustrated notes

Levels and vault maps discovered:
D:1:      lemuel_arrival_lava_pool, layout_basic
D:2:      layout_rooms, serial_shops, shop, serial_bayou, serial_bayou_pond_a,
          serial_bayou_shore_a, serial_bayou_pond_d, serial_bayou_lagoon_b,
          grunt_decor_arrowhead, chequers_mini_garden, grunt_ministairs_15
D:3:      layout_loops_cross, overflow_temple_1_default
D:4:      cheibrodos_fertilizer, layout_rooms, amcnicky_altar_gilded,
          grunt_temple_overflow_cloverleaf, minmay_misc_feat_doors,
          minmay_statues_item, uniq_blork_the_orc, uniq_eustachio

Skill      XL: |  1  2  3  4  5 |
---------------+----------------+-----
Axes           | 3 4 |  4.5
Fighting       | 4 |  4.5
Dodging        | 2 |  2.1
Armour         | 3 |  3.6
Stealth        | 1 |  1.0

Action                     |  1- 3 |  4- 6 || total
---------------------------+-------+-------++-------
  Melee: Hand axe          |    71 |   119 ||   190
         Punch             |       |     1 ||     1
 Invoke: Berserk           |     1 |     3 ||     4
         Trog's Hand       |       |     3 ||     3
    Use: Scroll            |     4 |       ||     4
         Potion            |       |     4 ||     4
 Armour: Animal skin       |    17 |       ||    17
         Chain mail        |    26 |   128 ||   154
  Dodge: Dodged            |    46 |    77 ||   123

Table legend: (Time is in decaauts)
 A = Elapsed time spent in this place.
 B = Non-inter-level travel time spent in this place.
 C = Inter-level travel time spent in this place.
 D = Time resting spent in this place.
 E = Time spent auto-exploring this place.
 F = Levels seen in this place.
 G = Mean time per level.
                   A        B        C        D        E       F      G
               +--------+--------+--------+--------+--------+-----+--------+
         Total |   2340 |   2280 |     60 |      0 |   1678 |   4 |  585.0 |
       Dungeon |   2340 |   2280 |     60 |      0 |   1678 |   4 |  585.0 |
               +--------+--------+--------+--------+--------+-----+--------+

Top non-repeatable levels by time:
     D:2: 753 daAuts
     D:3: 691 daAuts
     D:1: 664 daAuts
     D:4: 230 daAuts
